 Dungeon Crawl Stone Soup version 0.28.0-43-g3370ac3207 (webtiles) character file.

Game seed: 1065051544964286257

1675 Peloso the Protected (level 8, 0/70 HPs)
             Began as a Minotaur Fighter on Mar 17, 2022.
             Slain by an orc warrior
             ... wielding a +0 halberd
              (10 damage)
             ... on level 6 of the Dungeon.
             The game lasted 00:08:40 (5315 turns).

Peloso the Protected (Minotaur Fighter)             Turns: 5315, Time: 00:08:41

Health: 0/70       AC: 15    Str: 21    XL:     8   Next: 70%
Magic:  7/7        EV:  7    Int:  5    God:
Gold:   272        SH:  5    Dex: 12    Spells: 7/7 levels left

rFire   . . .      SeeInvis +   a - +1 falchion (vorpal)
rCold   . . .      Faith    .   c - +0 buckler
rNeg    . . .      Spirit   .   s - +0 plate armour
rPois   .          Reflect  .   (helmet restricted)
rElec   .          Harm     .   (no cloak)
rCorr   .          Rampage  .   n - +0 pair of gloves
Will    .....                   (no boots)
Stlth   ..........              (no amulet)
HPRegen 0.21/turn               l - ring of see invisible
MPRegen 0.10/turn               (no ring)

@: no status effects
A: horns 2, retaliatory headbutt
a: no special abilities


You were on level 6 of the Dungeon.
You visited 1 branch of the dungeon, and saw 6 of its levels.

You collected 285 gold pieces.
You spent 13 gold pieces at shops.

Inventory:

Hand Weapons
 a - a +1 vorpal falchion (weapon)
 b - a +3 falchion
Armour
 c - a +0 buckler (worn)
 f - a +0 chain mail
 n - a +0 pair of gloves (worn)
 s - a +0 plate armour (worn)
Jewellery
 l - a ring of see invisible (left hand)
Wands
 k - a wand of flame (41)
 q - a wand of mindburst (7)
Scrolls
 g - a scroll of enchant weapon
 h - 2 scrolls of teleportation
 i - a scroll of enchant armour {unknown}
 j - a scroll of fog
 m - a scroll of silence {unknown}
 p - 2 scrolls of amnesia
 t - a scroll of blinking {unknown}
Potions
 d - 2 potions of might
 e - 2 potions of magic
 o - a potion of flight {unknown}


   Skills:
 + Level 6.1 Fighting
 + Level 8.1 Long Blades
 + Level 8.5 Armour
 + Level 1.7 Dodging
 + Level 0.5 Stealth
 + Level 5.9 Shields
 + Level 1.5 Evocations


You had 7 spell levels left.
You didn't know any spells.
Your spell library contained the following spells:

 Spells                   Type           Power      Damage    Failure   Level
 Slow                     Hex            0%         N/A       100%        1
 Summon Small Mammal      Summ           0%         N/A       100%        1
 Ensorcelled Hibernation  Hex/Ice        0%         N/A       100%        2
 Sublimation of Blood     Necr           0%         N/A       100%        2
 Wereblood                Tmut           0%         N/A       100%        2
 Call Canine Familiar     Summ           0%         N/A       100%        3
 Confusing Touch          Hex            0%         N/A       100%        3
 Spider Form              Tmut/Pois      0%         N/A       100%        3
 Summon Guardian Golem    Hex/Summ       0%         N/A       100%        3
 Vampiric Draining        Necr           0%         2d6       100%        3
 Anguish                  Hex/Necr       0%         N/A       100%        4
 Summon Hydra             Summ           0%         N/A       100%        7


Dungeon Overview and Level Annotations

Branches:
Dungeon (6/15)
 Temple: D:4-7

Altars:

Shops:
D:3 !


Innate Abilities, Weirdness & Mutations

You have a pair of horns on your head.
You reflexively headbutt those who attack you in melee.


Message History

The orc warrior is lightly wounded.
The orc warrior hits you with a +0 halberd.
You hit the orc warrior but do no damage.
The orc warrior is lightly wounded.
The orc warrior hits you with a +0 halberd!
You hit the orc warrior but do no damage.
The orc warrior is lightly wounded.
The orc warrior hits you but does no damage.
You slash the orc warrior!
The orc warrior is heavily wounded.
The orc wizard hits you but does no damage.
The orc warrior hits you with a +0 halberd!
The orc hits you but does no damage.
You barely miss the orc warrior.
The orc warrior is heavily wounded.
The orc wizard hits you but does no damage.
The orc warrior hits you with a +0 halberd!
The orc hits you but does no damage.
You hit the orc warrior but do no damage.
The orc warrior is heavily wounded.
The orc wizard hits you with a +0 dagger.
You block the orc's attack. You block the orc wizard's attack.
The orc hits you but does no damage. The orc barely misses you.
The orc warrior hits you with a +0 halberd!
The orc wizard hits you but does no damage.
The orc warrior hits you with a +0 halberd!
* * * LOW HITPOINT WARNING * * *
The orc barely misses you.
The orc wizard hits you but does no damage.
You see here a +0 whip.
The orc warrior hits you from afar with a +0 halberd!
* * * LOW HITPOINT WARNING * * *
An iguana comes into view.
The iguana hisses angrily.
You feel better. The orc closely misses you. You furiously retaliate!
You headbutt the orc!
You kill the orc!
The orc warrior hits you from afar with a +0 halberd!
You die...

####.##.####.. #.
#....# . ##. ##....#
.##..# ##...#.......
....#. #...##.......
##....##.)###......#
###......oo..##.....##
#......##....###....#
##..@)o...#......#
#......#....##.#.
##.l#####..## #..##
##..###... #..
###......... ##.
#.<......##. #.
#...#.....#
.....####.......
.....# ......#


You could see an orc warrior, an iguana and an orc wizard (invisible).

Vanquished Creatures
  Prince Ribbit (D:5)
  Grinder (D:3)
  Eustachio (D:5)
  Duvessa (D:5)
  A black bear (D:5)
  An ogre (D:4)
  A necrophage (D:5)
  2 centaurs
  2 water moccasin zombies (D:5)
  Dowan (D:5)
  A howler monkey (D:4)
  A jelly (D:5)
  A centaur skeleton (D:5)
  Jessica (D:2)
  An iguana (D:4)
  Terence (D:2)
  An orc wizard (D:3)
  A scorpion zombie (D:5)
  A killer bee zombie (D:5)
  2 hound skeletons
  4 gnolls (D:4)
  4 adders
  A shadow imp (D:5)
  An ufetubus (D:4)
  A worm (D:4)
  11 orcs
  6 endoplasms
  3 giant cockroaches
  7 goblins
  3 hobgoblins
  13 jackals
  4 quokkas
  5 ball pythons
  5 bats
  3 frilled lizards (D:2)
  7 kobolds
  5 rats
106 creatures vanquished.

Notes
Turn   | Place    | Note
-------+----------+-------------------------------------------
     0 | D:1      | Peloso the Minotaur Fighter began the quest for the Orb.
     0 | D:1      | Reached XP level 1. HP: 19/19 MP: 0/0
   198 | D:1      | Reached XP level 2. HP: 24/27 MP: 1/1
  1136 | D:2      | Noticed Terence
  1139 | D:2      | Reached XP level 3. HP: 26/33 MP: 2/2
  1140 | D:2      | Killed Terence
  1349 | D:2      | Noticed Jessica
  1359 | D:2      | Killed Jessica
  1360 | D:2      | Reached XP level 4. HP: 14/41 MP: 3/3
  1667 | D:2      | Found a faded altar of an unknown god.
  2278 | D:3      | Noticed a centaur
  2281 | D:3      | Noticed Grinder
  2294 | D:3      | Killed a centaur
  2295 | D:3      | Reached XP level 5. HP: 35/47 MP: 4/4
  2322 | D:3      | HP: 1/47 [Grinder/nerve-wracking pain (4)]
  2323 | D:3      | Killed Grinder
  2324 | D:3      | Reached skill level 5 in Long Blades
  2324 | D:3      | Reached skill level 5 in Armour
  2324 | D:3      | Reached skill level 1 in Dodging
  2324 | D:3      | Reached XP level 6. HP: 2/55 MP: 5/5
  2994 | D:3      | Found Gethomin's Distillery.
  3005 | D:3      | Bought a potion of degeneration for 13 gold pieces
  3380 | D:4      | Reached skill level 5 in Fighting
  3513 | D:4      | Reached XP level 7. HP: 49/61 MP: 6/6
  4124 | D:5      | Entered Level 5 of the Dungeon
  4132 | D:5      | Reached skill level 5 in Shields
  4215 | D:5      | Noticed Duvessa
  4223 | D:5      | Noticed Dowan
  4233 | D:5      | Killed Duvessa
  4233 | D:5      | Noticed Eustachio
  4240 | D:5      | Killed Dowan
  4453 | D:5      | Killed Eustachio
  4454 | D:5      | Reached XP level 8. HP: 37/69 MP: 7/7
  4551 | D:5      | Noticed Prince Ribbit
  4571 | D:5      | Killed Prince Ribbit
  4994 | D:5      | Reached skill level 1 in Evocations
  5282 | D:6      | Found the dreamshard necklace {*Dream Drain}
  5312 | D:6      | HP: 3/70 [orc warrior/+0 halberd (10)]
  5315 | D:6      | Slain by an orc warrior

Illustrated notes

Levels and vault maps discovered:
D:1:      minmay_arrival_arboretum_large, layout_basic, kennysheep_small_spiral,
          dk_noncrumbling_3
D:2:      layout_basic, chequers_ecumenical_altar_island, uniq_jessica,
          uniq_terence
D:3:      layout_basic, serial_shops, nicolae_lakefront_shop, uniq_grinder
D:4:      layout_cave_pools, kennysheep_pointless_box, minmay_misc_feat_roman
D:5:      layout_loops_cross, uniq_eustachio, uniq_duvessa, uniq_prince_ribbit1
D:6:      layout_cave_pools, minmay_temple_entry_butterflies,
          minmay_chambers_of_fives

Skill      XL: |  1  2  3  4  5  6  7  8 |
---------------+-------------------------+-----
Armour         | 4 5 7 8 |  8.5
Fighting       | 4 5 6 |  6.1
Long Blades    | 3 4 5 6 7 8 |  8.1
Shields        | 4 5 |  5.9
Dodging        | 1 |  1.7
Evocations     | 1 |  1.5
Stealth        | |  0.5

Action                   |  1- 3 |  4- 6 |  7- 9 || total
-------------------------+-------+-------+-------++-------
Melee: Long sword        |    52 |    38 |       ||    90
       Headbutt          |     5 |    26 |    17 ||    48
       Falchion          |       |    83 |   106 ||   189
Evoke: Wand              |       |       |     6 ||     6
  Use: Potion            |     3 |       |     1 ||     4
       Scroll            |     2 |       |     4 ||     6
Armor: Scale mail        |    15 |       |       ||    15
       Chain mail        |    11 |   103 |    43 ||   157
       Plate armour      |       |       |    38 ||    38
Dodge: Dodged            |    21 |    61 |    36 ||   118
Block: Buckler           |    12 |    34 |    32 ||    78
